 Dungeon Crawl Stone Soup version 0.30-a0-634-g8abc85282e (webtiles) character file.

Game seed: 16062004431847856855

4 holysushi the Magician (level 1, 0/16 HPs)
             Began as a Meteoran Hedge Wizard on Jan 15, 2023.
             Slain by a quokka (3 damage)
             ... on level 1 of the Dungeon.
             The game lasted 00:00:59 (221 turns).

holysushi the Magician (Meteoran Hedge Wizard)       Turns: 221, Time: 00:00:59

Health: 0/16       AC:  2    Str: 11    XL:     1   Next: 85%
Magic:  3/6        EV: 12    Int: 15    God:
Gold:   0          SH:  0    Dex: 13    Spells: 7/8 levels left

rFire   . . .      SeeInvis .    a - +0 dagger
rCold   . . .      Faith    .    (no shield)
rNeg    . . .      Spirit   .    b - +0 robe
rPois   .          Reflect  .    c - +0 hat
rElec   .          Harm     .    (no cloak)
rCorr   .          Rampage  .    (no gloves)
Will    .....                    (no boots)
Stlth   +                        (no amulet)
HPRegen 0.22/turn                (no ring)
MPRegen 0.10/turn                (no ring)

@: glowing
A: sense surroundings 1, otherworldly, glowing, explore regen
a: no special abilities


You were on level 1 of the Dungeon.
You visited 1 branch of the dungeon, and saw 2 of its levels.

Inventory:

Hand Weapons
 a - a +0 dagger (weapon)
Armour
 b - a +0 robe (worn)
 c - a +0 hat (worn)
Scrolls
 e - 2 scrolls of identify {unknown}
Potions
 d - a potion of magic
 f - a potion of curing {unknown}


   Skills:
 + Level 1.2 Fighting
 - Level 2.4 Dodging
 - Level 1.4 Stealth
 - Level 4.0 Spellcasting
 - Level 1.2 Conjurations
 - Level 1.2 Summonings
 - Level 1.2 Translocations


You had 7 spell levels left.
You knew the following spells:

 Your Spells              Type           Power      Damage    Failure   Level
a - Magic Dart            Conj           24%        1d4       11%         1

Your spell library contained the following spells:

 Spells                   Type           Power      Damage    Failure   Level
 Blink                    Tloc           12%        N/A       17%         2
 Call Imp                 Summ           6%         N/A       17%         2
 Slow                     Hex            12%        N/A       19%         1
 Cigotuvi's Dreadful Rot  Necr/Pois/Air  6%         N/A       26%         2
 Mephitic Cloud           Conj/Pois/Air  4%         N/A       43%         3


Dungeon Overview and Level Annotations

Branches:
Dungeon (2/15) Zot: 977

Altars:


Innate Abilities, Weirdness & Mutations

You passively map a small area around you.
You are easily found by Zot.
You glow in the dark.
You regain HP and MP as you explore.


Message History

The quokka bites you but does no damage.
You barely miss the quokka.
The quokka is almost dead.
The quokka twitches its whiskers.
The quokka closely misses you.
You closely miss the quokka.
The quokka is almost dead.
The quokka barely misses you.
Casting: Magic Dart (safe; 11% risk of failure)
Confirm with . or Enter, or press ? or * to list all spells.
Aiming: Magic Dart (safe; 11% risk of failure)
Press: ? - help, Shift-Dir - straight line The magic dart hits the quokka.
You kill the quokka!
Your Fighting skill increases to level 1!
You see here a quokka corpse.
You see here a quokka corpse.
A quokka comes into view.
Found a leather armour.
The quokka moves out of view.
Found a scroll labelled UQAMUSMEXO.
The quokka bites you.
Found a book of Scorching.
You barely miss the quokka. The quokka closely misses you.
You hit the quokka.
The quokka is heavily wounded.
The quokka bites you.
You closely miss the quokka.
The quokka is heavily wounded.
The quokka barely misses you. The quokka bites you.
You closely miss the quokka.
The quokka is heavily wounded.
The quokka bites you.
* * * LOW HITPOINT WARNING * * *
You barely miss the quokka.
The quokka is heavily wounded.
The quokka bites you.
* * * LOW HITPOINT WARNING * * *
You hit the quokka but do no damage.
The quokka is heavily wounded.
The quokka bites you.
You die...

, , #......# ##?.....#
** , , ........#
....** #..........
....######.. ......
...........#
#...#+###**
...........# #........
, ,......)..###@...###
##
*#.......#..r...[... *
...
#.......#.#........ ,*
#.##.........####.####
* #..#....†...## *.#
#..........## ,: ,
...........#########
**
#####.......#.......#
...........##.#####.#


You could see a quokka.

Vanquished Creatures
  A ball python (D:2)
  A hobgoblin (D:1)
  A quokka (D:1)
3 creatures vanquished.

Notes
Turn   | Place    | Note
-------+----------+-------------------------------------------
     0 | D:1      | holysushi the Meteoran Hedge Wizard began the quest for the
                  | Orb.
     0 | D:1      | Reached XP level 1. HP: 14/14 MP: 6/6
   207 | D:1      | Reached skill level 1 in Fighting
   221 | D:1      | Slain by a quokka

Illustrated notes

Levels and vault maps discovered:
D:1:      amcnicky_arrival_wind_blow, layout_basic
D:2:      layout_rooms, uniq_robin

Skill      XL: |  1 |
---------------+----+-----
Fighting       | 1 |  1.2
Dodging        | |  2.4
Stealth        | |  1.4
Spellcasting   | |  4.0
Conjurations   | |  1.2
Summonings     | |  1.2
Translocations | |  1.2

Action                   || total
-------------------------++-------
Melee: Dagger            ||    21
 Cast: Magic Dart        ||     8
Armor: Robe              ||     2
Dodge: Dodged            ||    13

Table legend: (Time is in decaauts)
 A = Elapsed time spent in this place.
 B = Non-inter-level travel time spent in this place.
 C = Inter-level travel time spent in this place.
 D = Time resting spent in this place.
 E = Time spent auto-exploring this place.
 F = Levels seen in this place.
 G = Mean time per level.
                   A        B        C        D        E       F      G
               +--------+--------+--------+--------+--------+-----+--------+
         Total |    221 |    221 |      0 |      0 |      0 |   2 |  110.5 |
       Dungeon |    221 |    221 |      0 |      0 |      0 |   2 |  110.5 |
               +--------+--------+--------+--------+--------+-----+--------+

Top non-repeatable levels by time:
     D:1: 215 daAuts
     D:2: 5 daAuts
